 Dungeon Crawl Stone Soup version 0.28.0-1-gb440e238dd (webtiles) character file.

Game seed: 1787921336930710812

22 HeliumTrimp the Charlatan (level 2, -2/24 HPs)
             Began as a Ghoul Artificer on Feb 20, 2022.
             Slain by Sigmund (7 damage)
             ... on level 2 of the Dungeon.
             The game lasted 00:02:27 (1248 turns).

HeliumTrimp the Charlatan (Ghoul Artificer)         Turns: 1248, Time: 00:02:28

Health: -2/24      AC:  5    Str: 15    XL:     2   Next: 91%
Magic:  1/1        EV: 10    Int:  6    God:
Gold:   63         SH:  0    Dex:  9    Spells: 1/1 levels left

rFire   . . .      SeeInvis .     - Unarmed
rCold   + . .      Faith    .   (no shield)
rNeg    + + +      Spirit   .   i - +0 ring mail
rPois   ∞          Reflect  .   (no helmet)
rElec   .          Harm     .   (no cloak)
rCorr   .          Rampage  .   (no gloves)
Will    .....                   (no boots)
Stlth   ..........              (no amulet)
HPRegen 0.00/turn               (no ring)
MPRegen 0.07/turn               (no ring)

@: confused, inhibited regen
A: claws 1, cold resistance 1, negative energy resistance 3, inhibited
regeneration, torment resistance 2
a: no special abilities


You were on level 2 of the Dungeon.
You visited 1 branch of the dungeon, and saw 2 of its levels.

You collected 63 gold pieces.

Inventory:

Armour
 i - a +0 ring mail (worn)
Wands
 c - a wand of flame (11) (quivered)
 d - a wand of charming (15)
Scrolls
 a - 2 scrolls of identify {unknown}
 b - a scroll of teleportation {unknown}
 f - a scroll of enchant weapon {unknown}
 h - a scroll of vulnerability {unknown}
 j - a scroll of acquirement {unknown}
Potions
 g - 4 potions of curing {unknown}
Miscellaneous
 e - a piece from Xom's chessboard (14/15)


   Skills:
 + Level 1.7 Fighting
 - Level 1.7 Armour
 - Level 0.8 Dodging
 - Level 1.1 Stealth
 * Level 1.8 Unarmed Combat
 + Level 2.9 Evocations


You had one spell level left.
You didn't know any spells.
Your spell library was empty.

Dungeon Overview and Level Annotations

Branches:
Dungeon (2/15)

Altars:

Annotations:
D:2 Sigmund


Innate Abilities, Weirdness & Mutations

You thrive by killing the living.
You are immune to poison.
You have sharp fingernails.
Your flesh is cold resistant. (rC+)
You are immune to negative energy. (rN+++)
You do not regenerate when monsters are visible.
You are immune to unholy pain and torment.


Message History

Sigmund is lightly wounded.
You barely miss Sigmund.
Sigmund is lightly wounded.
You barely miss Sigmund.
Sigmund is lightly wounded.
Sigmund closely misses you.
You scratch Sigmund but do no damage.
Sigmund is lightly wounded.
Sigmund hits you but does no damage.
You scratch Sigmund but do no damage.
Sigmund is lightly wounded.
You catch the helpless Sigmund completely off-guard!
You scratch Sigmund. You claw Sigmund, but do no damage.
Sigmund is lightly wounded.
Sigmund seems less confused.
Sigmund hits you with a +2 scythe of protection.
You scratch Sigmund but do no damage.
Sigmund is lightly wounded.
Sigmund hits you with a +2 scythe of protection.
Aiming: Throw Flame
Press: ? - help, Shift-Dir - straight line, f - Sigmund
Aim: Sigmund, wielding a +2 scythe of protection and wearing a +0 robe (lightly wounded, 68% to hit)
The puff of flame misses Sigmund.
You scratch Sigmund.
Sigmund is moderately wounded.
Sigmund closely misses you.
You scratch Sigmund but do no damage.
Sigmund is moderately wounded.
Sigmund gestures at you while chanting.
You are confused.
You bump into the rock wall.
Sigmund points at you and mumbles some strange words.
The magic dart hits you!
* * * LOW HITPOINT WARNING * * *
Found a robe and a sapphire potion.
Sigmund gestures at you while chanting.
You are more confused.
You bump into the rock wall.
Sigmund hits you with a +2 scythe of protection!
You die...

... ... ... ..# #.# #.#
#.# #. #.# #.# #.# #.#
#.# #.# #.# #.#
####.####.###@###.##
............@.......
##...###..####......
#...###..###.......
.#####...............[[.
.........###..###.......
.#####.#####..# ....#
....<†........# !..#
######.######.#


You could see Sigmund.

Vanquished Creatures
  2 bats (D:1)
  An endoplasm (D:1)
  A giant cockroach (D:1)
  4 hobgoblins
  3 kobolds (D:1)
  A quokka (D:2)
  3 ball pythons (D:1)
  4 frilled lizards (D:1)
  3 rats (D:1)
22 creatures vanquished.

Notes
Turn   | Place    | Note
-------+----------+-------------------------------------------
     0 | D:1      | HeliumTrimp the Ghoul Artificer began the quest for the
                  | Orb.
     0 | D:1      | Reached XP level 1. HP: 16/16 MP: 0/0
    64 | D:1      | Found a faded altar of an unknown god.
   193 | D:1      | Reached skill level 1 in Unarmed Combat
   201 | D:1      | Reached XP level 2. HP: 5/23 MP: 1/1
  1222 | D:2      | Noticed Sigmund
  1248 | D:2      | Slain by Sigmund

Illustrated notes

Levels and vault maps discovered:
D:1:      psy_arrival_whirlpool, layout_rooms,
          shapermc_ecumenical_altar_mp_highgroup
D:2:      layout_loops_ring, serial_shops, nicolae_shop_behind_doors, shop,
          uniq_sigmund, uniq_terence

Skill      XL: |  1 |
---------------+----+-----
Unarmed Combat | 1 |  1.8
Fighting       | |  1.7
Armour         | |  1.7
Dodging        | |  0.8
Stealth        | |  1.1
Evocations     | |  2.9

Action                   || total
-------------------------++-------
Melee: Unarmed           ||    96
       Punch             ||     2
Evoke: Wand              ||     4
       Piece from Xom's  ||     1
 Stab: Confused          ||     1
Armor: Leather armour    ||    26
       Ring mail         ||     5
Dodge: Dodged            ||    68
